 Dungeon Crawl Stone Soup version 0.26-a0-394-g0b5ff556b1 (webtiles) character file.

Game seed: 4427350698328812916

1610 KristoblXynda the Carver (level 8, 0/67 HPs)
             Began as a White Draconian Gladiator on July 23, 2020.
             Was a Believer of Yredelemnul.
             Shot with an arrow by a centaur (11 damage)
             ... on level 6 of the Dungeon.
             The game lasted 00:09:54 (7120 turns).

KristoblXynda the Carver (DrGl)                     Turns: 7120, Time: 00:09:55

Health: 0/67       AC:  7    Str: 19    XL:     8   Next: 63%
Magic:  11/11      EV: 14    Int: 11    God:    Yredelemnul [**....]
Gold:   216        SH:  0    Dex: 14    Spells: 7/7 levels left

rFire    + + .     SeeInvis +   t - +12 dagger of the Elven Halls {drain, rF+ Str-4 Dex+2 SInv}
rCold    + . .     Faith    .   (no shield)
rNeg     . . .     Spirit   .   (armour unavailable)
rPois    .         Reflect  .   b - +0 hat
rElec    .         Harm     .   v - scarf {shadows}
rCorr    .                      r - +0 pair of gloves
MR       .....                  (no boots)
Stlth    +.........             m - amulet of magic regeneration
HPRegen  0.21/turn              w - +6 ring of strength
MPRegen  0.37/turn              z - ring of protection from fire

@: short of breath, drained
A: breathe frost, unfitting armour, cold resistance 1, cold-blooded, AC +6
a: Breathe Frost, Animate Remains, Recall Undead Slaves, Injury Mirror, Renounce
Religion


You were on level 6 of the Dungeon.
You worshipped Yredelemnul.
Yredelemnul was pleased with you.
You visited 2 branches of the dungeon, and saw 7 of its levels.

You collected 255 gold pieces.
You spent 39 gold pieces at shops.

Inventory:

Hand Weapons
 t - the +12 dagger of the Elven Halls (weapon) {drain, rF+ Str-4 Dex+2 SInv}
   (You took it off Eustachio on level 6 of the Dungeon)

   A truly terrible weapon, it drains the life of those it strikes.
   It affects your strength (-4).
   It affects your dexterity (+2).
   It protects you from fire.
   It lets you see invisible.
 x - a +0 long sword of flaming
 y - a +1 scimitar
Missiles
 c - 3 throwing nets (quivered)
Armour
 b - a +0 hat (worn)
 r - a +0 pair of gloves (worn)
 v - a scarf of shadows (worn)
Jewellery
 g - an uncursed ring of see invisible
 l - an uncursed ring of wizardry
 m - an amulet of magic regeneration (around neck)
 p - an uncursed amulet of faith
 w - a +6 ring of strength (left hand)
 z - a ring of protection from fire (right hand)
 A - a +6 ring of strength
Wands
 s - a wand of enslavement (8)
Scrolls
 a - a scroll of noise {unknown}
 d - 7 scrolls of remove curse
 f - 3 scrolls of amnesia
 h - 3 scrolls of blinking
 n - a scroll of magic mapping {unknown}
 o - 4 scrolls of teleportation
Potions
 e - a potion of flight
 i - a potion of haste
 j - 3 potions of cancellation
 k - a potion of heal wounds
 q - a potion of stabbing
 u - 3 potions of curing


   Skills:
 - Level 4.3(3.5) Fighting
 * Level 8.3(7.5) Long Blades
 - Level 2.0(1.2) Throwing
 + Level 5.7(4.8) Dodging
 + Level 4.1(3.4) Invocations


You had 7 spell levels left.
You didn't know any spells.
Your spell library contained the following spells:

 Spells                   Type           Power        Failure   Level
 Summon Small Mammal      Summ           #...         34%         1
 Call Imp                 Summ           #.......     47%         2
 Call Canine Familiar     Summ           #.......     71%         3
 Summon Guardian Golem    Hex/Summ       #.......     71%         3
 Summon Ice Beast         Ice/Summ       #.......     98%         4
 Summon Lightning Spire   Summ/Air       #.......     98%         4


Dungeon Overview and Level Annotations

Branches:
Dungeon (6/15)             Temple (1/1) D:6

Altars:
Ashenzari
Cheibriados
Dithmenos
Elyvilon
Fedhas
Gozag
Kikubaaqudgha
Makhleb
Okawaru
Qazlal
Ru
Sif Muna
Trog
Uskayaw
Vehumet
Wu Jian
Xom
Yredelemnul
Zin
The Shining One

Shops:
D:5 ![:::


Innate Abilities, Weirdness & Mutations

You can breathe waves of freezing cold.
You can buffet flying creatures when you breathe cold.
Your icy white scales are hard. (AC +6)
You cannot fit into any form of body armour.
Your flesh is cold resistant. (rC+)
You are cold-blooded and may be slowed by cold attacks.


Message History

The centaur unwields a +0 shortbow.
The centaur hits the bush but does no damage.
Your orc warrior zombie hits something but does no damage.
Press: ? - help, Shift-Dir - straight line, f - centaur
Aim: a centaur, quivering 16 arrows You exhale a wave of freezing cold.
The freezing breath hits the bush.
The bush is lightly damaged.
The freezing breath hits the centaur!
The centaur is heavily wounded.
The freezing breath hits the bush.
The bush is lightly damaged.
The centaur wields a +0 shortbow.
The centaur shoots an arrow.
The arrow hits you!
* * * LOW HITPOINT WARNING * * *
You see here an arrow.
The centaur shoots an arrow.
The arrow barely misses you.
Your orc warrior zombie hits the bush.
The centaur shoots an arrow.
The arrow hits you!
You die...
Your body rises from the dead as a mindless zombie.

..##.....#......#.#
.(...............#
#......(...)..####
####.#.....†.[...#
.###(.(((..(........#
...>..PPPPZ......$..#
.####(PcPPP.....$...#
#(PP_PP.#.......#
#.(@PP..........#
#.PPP.....#..
###.#...... #(..###
#####


You could see a centaur and a friendly orc warrior zombie.

Vanquished Creatures
  Maggie (D:6)
  Eustachio (D:6)
  2 ice beasts (D:5)
  An orc warrior (D:6)
  A sky beast (D:6)
  An ogre (D:5)
  A centaur (D:6)
  Blork the orc (D:5)
  2 hounds
  A jelly (D:5)
  An orc priest (D:6)
  5 orc wizards
  A bullfrog skeleton (D:5)
  An iguana (D:5)
  3 worker ants
  10 adders
  2 white imps (D:5)
  2 ufetubi (D:5)
  An adder skeleton (D:4)
  A worm (D:2)
  3 dart slugs
  2 leopard geckos
  23 orcs
  2 ball pythons
  13 bats
  5 giant cockroaches
  14 goblins
  7 hobgoblins
  4 jackals (D:5)
  11 kobolds
  4 quokkas
  4 frilled lizards
  A leopard gecko zombie (D:5)
  A quokka skeleton (D:5)
  11 rats
144 creatures vanquished.

Vanquished Creatures (others)
  6 orc zombies (D:6)
6 creatures vanquished.

Grand Total: 150 creatures vanquished

Notes
Turn   | Place    | Note
-------+----------+-------------------------------------------
     0 | D:1      | KristoblXynda the Draconian Gladiator began the quest for
                  | the Orb.
     0 | D:1      | Reached XP level 1. HP: 17/17 MP: 1/1
   183 | D:1      | Reached XP level 2. HP: 24/24 MP: 2/2
   839 | D:1      | Reached XP level 3. HP: 29/30 MP: 3/3
   947 | D:2      | Found a faded altar of an unknown god.
  1162 | D:2      | Reached skill level 4 in Long Blades
  1351 | D:2      | Reached XP level 4. HP: 37/37 MP: 4/4
  1900 | D:2      | Found a snail-covered altar of Cheibriados.
  1900 | D:2      | Found a basalt altar of Yredelemnul.
  1905 | D:2      | Became a worshipper of Yredelemnul the Dark
  2345 | D:3      | Reached XP level 5. HP: 45/45 MP: 5/5
  2540 | D:3      | Reached * piety under Yredelemnul
  2572 | D:3      | Found a glowing silver altar of Zin.
  2793 | D:3      | Reached skill level 5 in Long Blades
  3282 | D:4      | Reached XP level 6. HP: 40/52 MP: 6/6
  4351 | D:5      | Entered Level 5 of the Dungeon
  4354 | D:5      | Noticed Blork the orc
  4361 | D:5      | Noticed an ice beast
  4369 | D:5      | Killed Blork the orc
  4377 | D:5      | Killed an ice beast
  4500 | D:5      | Reached skill level 6 in Long Blades
  4636 | D:5      | Noticed an ice beast
  4642 | D:5      | Killed an ice beast
  4642 | D:5      | Your scales start taking on an icy white colour.
  4642 | D:5      | Reached XP level 7. HP: 60/60 MP: 7/7
  4642 | D:5      | Gained mutation: Your flesh is cold resistant. (rC+) [White
                  | Draconian growth]
  4686 | D:5      | Reached skill level 1 in Invocations
  4945 | D:5      | Found Ekhlooh's Distillery.
  4951 | D:5      | Bought a potion of lignification for 39 gold pieces
  5045 | D:5      | Reached ** piety under Yredelemnul
  5702 | D:5      | Found Ybukaoj's Antique Armour Shop.
  5722 | D:5      | Found Rourphet's Book Shoppe.
  5726 | D:5      | Found Ycaxocog's Book Shoppe.
  5727 | D:5      | Found Elympuek's Book Shoppe.
  5946 | D:6      | Reached skill level 7 in Long Blades
  6178 | D:6      | Noticed Maggie
  6207 | D:6      | Killed Maggie
  6207 | D:6      | Reached skill level 5 in Dodging
  6207 | D:6      | Reached XP level 8. HP: 48/67 MP: 8/10
  6388 | D:6      | Found a staircase to the Ecumenical Temple.
  6404 | Temple   | Entered the Ecumenical Temple
  6732 | D:6      | Reached skill level 8 in Long Blades
  7066 | D:6      | Noticed Eustachio
  7067 | D:6      | Identified the +12 dagger of the Elven Halls {drain, rF+
                  | Str-4 Dex+2 SInv}
  7081 | D:6      | Killed Eustachio
  7105 | D:6      | Found a blossoming altar of Fedhas.
  7120 | D:6      | Shot with an arrow by a centaur

Illustrated notes

Levels and vault maps discovered:
D:1:      elethiomel_arrival_shortcut, layout_basic, minivault_27,
          minmay_misc_feat_columns, skrybe_limestone_x
D:2:      layout_loops_cross, gammafunk_temple_overflow_elements,
          chequers_ecumenical_altar_grove, minmay_misc_feat_cross
D:3:      layout_basic, lemuel_doored_altar, mrwooster_statue_mirror,
          minmay_misc_feat_pillars
D:4:      layout_gridville
D:5:      minmay_clustersquares, layout_loops_ring, serial_shops, shop, shop,
          shop, nicolae_shop_behind_doors, shop, uniq_blork_the_orc
D:6:      layout_rooms, fedhas_bush_and_centaur_altar, nemelex_altar_shiori,
          minmay_temple_entry_grid, uniq_maggie, uniq_eustachio
Temple:   minmay_temple_bridge_d

Skill      XL: |  1  2  3  4  5  6  7  8 |
---------------+-------------------------+-----
Throwing       | 2 |  2.0
Dodging        | 3 4 5 |  5.7
Long Blades    | 4 5 6 7 8 |  8.3
Fighting       | 3 4 |  4.3
Invocations    | 3 4 |  4.1

Action                   |  1- 3 |  4- 6 |  7- 9 || total
-------------------------+-------+-------+-------++-------
Melee: Long sword        |   116 |   211 |   151 ||   478
       Tailslap          |    12 |    21 |    23 ||    56
       Dagger            |       |       |     3 ||     3
Invok: Animate Remains   |       |       |     7 ||     7
 Abil: Breathe Frost     |       |       |     2 ||     2
  Use: Scroll            |       |     8 |     5 ||    13
       Potion            |       |       |     1 ||     1
 Stab: Sleeping          |     1 |     3 |     1 ||     5
       Distracted        |       |       |     2 ||     2
Armor: Skin              |    34 |    66 |    49 ||   149
Dodge: Dodged            |   110 |   156 |    77 ||   343
       Rpst.: Long sword |    32 |    55 |    21 ||   108

Table legend: (Time is in decaauts)
 A = Elapsed time spent in this place.
 B = Non-inter-level travel time spent in this place.
 C = Inter-level travel time spent in this place.
 D = Time resting spent in this place.
 E = Time spent auto-exploring this place.
 F = Levels seen in this place.
 G = Mean time per level.
                   A        B        C        D        E       F      G
               +--------+--------+--------+--------+--------+-----+--------+
         Total |   7181 |   7059 |    122 |   2066 |   3617 |   7 | 1025.9 |
       Dungeon |   6940 |   6826 |    114 |   2066 |   3386 |   6 | 1156.7 |
        Temple |    240 |    232 |      8 |      0 |    231 |   1 |  240.0 |
               +--------+--------+--------+--------+--------+-----+--------+

Top non-repeatable levels by time:
     D:5: 1589 daAuts
     D:4: 1350 daAuts
     D:3: 1100 daAuts
     D:2: 993 daAuts
     D:1: 962 daAuts
     D:6: 944 daAuts
  Temple: 240 daAuts
